 Dungeon Crawl Stone Soup version 0.30.1-4-g462c640d31 (webtiles) character file.

Game seed: 11604132748555451642

13475 Cheops the Spear-Bearer (level 12, 0/74 HPs)
             Began as a Merfolk Summoner on Sept 18, 2023.
             Was an Elder of Sif Muna.
             Slain by a skeletal warrior
             ... wielding a +0 mace
              (26 damage)
             ... on level 11 of the Dungeon.
             The game lasted 01:31:55 (18888 turns).

Cheops the Spear-Bearer (Merfolk Summoner)         Turns: 18888, Time: 01:31:55

Health: 0/74       AC:  7    Str:  9    XL:     12   Next: 6%
Magic:  21/21      EV: 12    Int: 19    God:    Sif Muna [****..]
Gold:   678        SH:  0    Dex: 20    Spells: 3/23 levels left

rFire   . . .        a - +1 trident (spect)
rCold   . . .        (no shield)
rNeg    . . .        C - +3 leather armour
rPois   +            (no helmet)
rElec   .            n - +0 cloak {rPois}
rCorr   +            (no gloves)
SInv    .            (no boots)
Will    .....        K - amulet of magic regeneration
Stlth   ++           r - ring of resist corrosion
HPRegen 0.32/turn    y - +6 ring of dexterity
MPRegen 0.57/turn

%: no passive effects
@: about to teleport
A: (nimble swimmer 2), mertail
a: Renounce Religion, Channel Magic, Forget Spell, Divine Exegesis


You were on level 11 of the Dungeon.
You worshipped Sif Muna.
Sif Muna was greatly pleased with you.
You visited 1 branch of the dungeon, and saw 11 of its levels.
You also visited: Ossuary and Bailey.

You collected 762 gold pieces.
You spent 84 gold pieces at shops.

Inventory:

Hand Weapons
 a - a +1 spectral trident (weapon)
 b - a +0 halberd of venom
 c - a +2 spear of freezing
 d - a +0 glaive
 e - a +3 scythe of protection
 A - the +4 longbow of Naluacur {freeze, rPois rF- rN++ Dex+3}
   (You found it in a bailey)

   Dex:       It affects your dexterity (+3).
   rF:        It makes you vulnerable to fire.
   rPois:     It protects you from poison.
   rN:        It greatly protects you from negative energy.
Armour
 g - +0 steam dragon scales
 m - a +2 robe of fire resistance
 n - a +0 cloak of poison resistance (worn)
 v - a +1 robe of positive energy
 C - a +3 leather armour (worn)
 H - the +0 swamp dragon scales of Evolution {rPois rN+ Will+}
   (You took it off a spriggan in a bailey)

   rPois:     It protects you from poison.
   rN:        It protects you from negative energy.
   Will:      It increases your willpower.
Jewellery
 r - a ring of resist corrosion (left hand)
 y - a +6 ring of dexterity (right hand)
 K - an amulet of magic regeneration (around neck)
 L - a ring of flight
Wands
 q - a wand of polymorph (7)
 t - a wand of paralysis (7)
 E - a wand of iceblast (1)
Scrolls
 f - 2 scrolls of enchant weapon
 k - 2 scrolls of enchant armour
 l - 3 scrolls of magic mapping
 u - 3 scrolls of immolation
 w - 3 scrolls of fog
 D - 8 scrolls of teleportation
 G - a scroll of identify
 J - a scroll of summoning
Potions
 h - 3 potions of curing
 i - a potion of ambrosia
 j - 2 potions of lignification
 o - 5 potions of heal wounds
 p - 4 potions of flight
 s - 3 potions of attraction
 x - 3 potions of haste
 z - 2 potions of magic
 B - a potion of mutation
 F - 3 potions of might
 I - a potion of cancellation


   Skills:
 - Level 14.0 Polearms
 - Level 5.0 Armour
 - Level 2.6 Dodging
 - Level 2.1 Stealth
 - Level 6.0 Spellcasting
 - Level 3.0 Conjurations
 - Level 4.0 Hexes
 - Level 8.0 Summonings
 + Level 5.7 Ice Magic
 - Level 4.0 Air Magic
 - Level 5.0 Poison Magic
 - Level 3.0 Invocations


You had 3 spell levels left.
You knew the following spells:

 Your Spells              Type           Power      Damage    Failure   Level
m - Mephitic Cloud        Conj/Pois/Air  20%        N/A       9%          3
B - Summon Ice Beast      Ice/Summ       31%        N/A       9%          4
C - Call Canine Familiar  Summ           36%        N/A       1%          3
G - Summon Guardian Gole  Hex/Summ       28%        N/A       3%          3
I - Call Imp              Summ           72%        N/A       1%          2
L - Summon Lightning Spi  Summ/Air       28%        N/A       12%         4
M - Summon Small Mammal   Summ           100%       N/A       1%          1

Your spell library contained the following spells:

 Spells                   Type           Power      Damage    Failure   Level
 Magic Dart               Conj           68%        1d6       4%          1
 Frozen Ramparts          Ice            54%        1d9       4%          3
 Foxfire                  Conj/Fire      44%        2x1d6     8%          1
 Ice Form                 Ice/Tmut       16%        N/A       41%         4
 Fireball                 Conj/Fire      5%         3d5       91%         5
 Plasma Beam              Fire/Air       6%         2x1d18    100%        6
 Starburst                Conj/Fire      5%         6d4       100%        6


Dungeon Overview and Level Annotations

Branches:
Dungeon (11/15)            Temple (0/1) D:6            Lair (0/5) D:8
Ossuary (visited)          Bailey (visited)
    Orc: D:9-12

Altars:
Ashenzari
Hepliaklqana
Kikubaaqudgha
Qazlal
Sif Muna
Uskayaw
Vehumet
Yredelemnul

Shops:
D:2 =   D:10 ?


Innate Abilities, Weirdness & Mutations

((You are very nimble when in or above water. (Stealth+, EV+, Speed+++)))
Your lower body shifts to a powerful aquatic tail in water.


Message History

The skeletal warrior hits you with a +0 mace.
Your hound closely misses the skeletal warrior.
Your hound bites the skeletal warrior.
The skeletal warrior barely misses your hound.
Your hound bites the skeletal warrior but does no damage.
Casting: Call Canine Familiar (safe; 1% risk of failure)
Confirm with . or Enter, or press ? or * to list all spells.
A tiny devil pulls itself out of the air.
Your hound closely misses the skeletal warrior.
The skeletal warrior completely misses you.
Your hound barely misses the skeletal warrior.
Something barely misses your hound.
Your cerulean imp hits the skeletal warrior but does no damage.
Your hound barely misses the skeletal warrior.
Your cerulean imp closely misses the skeletal warrior.
Your cerulean imp hits the skeletal warrior but does no damage.
Casting: Call Imp (safe; 1% risk of failure)
Confirm with . or Enter, or press ? or * to list all spells.
Your hound barely misses the skeletal warrior.
The skeletal warrior hits you with a +0 mace!
Your cerulean imp barely misses the skeletal warrior.
Your hound bites the skeletal warrior but does no damage.
The skeletal warrior hits your hound with a +0 halberd!!
Your hound dies!
Your hound's corpse disappears in a puff of smoke!
Your cerulean imp hits the skeletal warrior from afar with a -1 spear.
The skeletal warrior attacks as you move away!
The skeletal warrior hits you with a +0 mace!!
* * * LOW HITPOINT WARNING * * *
Your quokka barely misses the skeletal warrior.
As you read the scroll of teleportation, it crumbles to dust.
You feel strangely unstable.
The skeletal warrior barely misses your cerulean imp.
The skeletal warrior hits you with a +0 mace!
* * * LOW HITPOINT WARNING * * *
Your cerulean imp hits the skeletal warrior but does no damage.
Your quokka barely misses the skeletal warrior.
The skeletal warrior attacks as you move away!
The skeletal warrior hits you with a +0 mace!!
You die...

#.........# #.......#
####.........#####.......#
................zz.......#
.........####'######z....#
.........# .... #z....#
.........#...... #.....#
#........#....... #.....#
#........###########zz...#
#...............@zr5..(..#
#.............)..........#
#.........#######........#
..........#.....#........#
..........#.....'........##
..........#.....#.........#
..######..#.....#.........##
..#....#..#.....#..........#
..#....+..#.....#..........#


You could see 3 skeletal warriors, a friendly cerulean imp (summoned) and a
friendly quokka (summoned).

Vanquished Creatures
  A two-headed ogre (Bailey)
  A cyclops (D:11)
  A troll (D:11)
  Grinder (D:6)
  2 spriggans (Bailey)
  10 yaks
  2 steam dragons
  2 vampire mosquitoes (D:10)
  A water moccasin (D:8)
  An orc warrior (D:6)
  3 black bears
  3 ogres (Bailey)
  3 centaurs
  2 kobold brigands
  4 bullfrogs
  5 water moccasin zombies (Ossuary)
  2 scorpions (D:5)
  3 killer bees
  A howler monkey (D:8)
  2 hounds
  2 gnoll boudas
  An orc priest (D:8)
  A sleepcap (D:4)
  An iguana (D:6)
  3 orc wizards
  A mummy (Ossuary)
  9 gnolls
  2 adders (D:5)
  2 ufetubi
  3 adder zombies (Ossuary)
  13 orcs
  5 ball pythons
  2 bats
  An endoplasm (D:2)
  6 goblins
  A hobgoblin (D:1)
  6 jackals
  7 kobolds
  A quokka (D:4)
  2 gnoll zombies (Ossuary)
  7 hobgoblin zombies (Ossuary)
  5 kobold zombies (Ossuary)
  An orc zombie (Ossuary)
  A rat (D:2)
133 creatures vanquished.

Vanquished Creatures (collateral kills)
  2 two-headed ogres (D:9)
  Psyche (D:10)
  A troll (D:11)
  Sigmund (D:6)
  A wyvern (D:10)
  5 spriggans (Bailey)
  A wraith (D:10)
  8 yaks
  A shadow (D:9)
  A steam dragon (D:9)
  2 vampire mosquitoes (D:10)
  A water moccasin (D:5)
  2 acid dragons
  A sky beast (D:6)
  A black bear (D:6)
  An ice beast (D:8)
  An orc warrior (D:8)
  6 ogres
  A centaur (D:9)
  A bullfrog (D:8)
  A kobold brigand (D:9)
  A water moccasin zombie (Ossuary)
  3 scorpions
  A killer bee (D:8)
  A howler monkey (D:4)
  2 hounds
  2 gnoll boudas
  2 orc priests
  Ijyb (D:3)
  4 iguanas
  5 orc wizards
  A mummy (Ossuary)
  8 gnolls
  3 adders
  An ufetubus (D:4)
  An adder zombie (Ossuary)
  A worm (D:3)
  A dart slug (D:1)
  9 orcs
  2 bats
  An endoplasm (D:3)
  A goblin (D:1)
  2 hobgoblins
  5 jackals
  19 kobolds
  5 quokkas
  2 ball pythons (D:3)
  A hobgoblin zombie (Ossuary)
  A kobold zombie (Ossuary)
  2 rats
128 creatures vanquished.

Vanquished Creatures (others)
  A two-headed ogre (D:9)
1 creature vanquished.

Grand Total: 262 creatures vanquished

Notes
Turn   | Place    | Note
-------+----------+-------------------------------------------
     0 | D:1      | Cheops the Merfolk Summoner began the quest for the Orb.
     0 | D:1      | Reached XP level 1. HP: 13/13 MP: 3/3
   336 | D:1      | Reached XP level 2. HP: 14/19 MP: 1/5
   702 | D:1      | Learned a level 2 spell: Call Imp
  1068 | D:2      | Identified the +3 ring mail of the Vaults {rPois Will+
                  | Int-3 Stlth+}
  1363 | D:2      | Found Jagazip's Jewellery Shop.
  1388 | D:2      | Reached XP level 3. HP: 24/24 MP: 2/7
  1392 | D:2      | Learned a level 3 spell: Call Canine Familiar
  1996 | D:3      | Noticed Ijyb
  2198 | D:3      | Killed Ijyb
  2199 | D:3      | Reached XP level 4. HP: 18/30 MP: 0/8
  2298 | D:3      | Reached skill level 5 in Summonings
  2630 | D:3      | Reached XP level 5. HP: 35/35 MP: 3/9
  3342 | D:4      | Noticed a black bear
  3581 | D:4      | Reached skill level 1 in Polearms
  3686 | D:4      | Found a broken altar of Ashenzari.
  3960 | D:4      | Reached skill level 3 in Polearms
  4027 | D:4      | Reached XP level 6. HP: 41/41 MP: 10/10
  4050 | D:4      | Reached skill level 4 in Polearms
  4447 | D:4      | Learned a level 4 spell: Summon Lightning Spire
  4735 | D:4      | Killed a black bear
  4736 | D:4      | Reached skill level 1 in Air Magic
  4805 | D:4      | Found a broken altar of Ashenzari.
  6318 | D:2      | Found Jagazip's Jewellery Shop.
  7447 | D:5      | Entered Level 5 of the Dungeon
  7519 | D:5      | Reached skill level 5 in Polearms
  7631 | D:5      | Noticed a water moccasin
  7715 | D:5      | Reached XP level 7. HP: 13/46 MP: 8/11
  8066 | D:5      | Found a shimmering blue altar of Sif Muna.
  8309 | D:5      | Reached skill level 6 in Polearms
  8535 | D:5      | Found a radiant altar of Vehumet.
  8724 | D:5      | Reached XP level 8. HP: 49/52 MP: 8/12
  9021 | D:5      | Found a shimmering blue altar of Sif Muna.
  9338 | D:5      | Found a radiant altar of Vehumet.
  9541 | D:5      | Became a worshipper of Sif Muna the Loreminder
  9570 | D:6      | Reached skill level 7 in Polearms
  9823 | D:6      | Found a staircase to the Ecumenical Temple.
  9974 | D:6      | Found a hazy altar of Hepliaklqana.
 10265 | D:6      | Reached skill level 8 in Polearms
 10596 | D:6      | Noticed Grinder
 10630 | D:6      | Killed Grinder
 10631 | D:6      | Reached skill level 9 in Polearms
 10631 | D:6      | Reached XP level 9. HP: 54/57 MP: 12/15
 10635 | D:6      | Learned a level 3 spell: Summon Guardian Golem
 10815 | D:6      | Noticed Sigmund
 10829 | D:6      | Killed Sigmund
 10830 | D:6      | Reached skill level 10 in Polearms
 10903 | D:6      | Found a staircase to the Ecumenical Temple.
 10993 | D:6      | Found a hazy altar of Hepliaklqana.
 11328 | D:7      | Found a sand-covered staircase.
 11333 | Ossuary  | Entered an ossuary
 11398 | Ossuary  | Reached * piety under Sif Muna
 11433 | Ossuary  | Reached skill level 11 in Polearms
 11846 | D:7      | Learned a level 3 spell: Mephitic Cloud
 11868 | D:7      | Reached skill level 12 in Polearms
 11968 | D:6      | Reached ** piety under Sif Muna
 12097 | D:7      | Reached skill level 1 in Poison Magic
 12183 | D:7      | Reached skill level 1 in Conjurations
 13150 | D:8      | Found a flagged portal.
 13201 | D:8      | Reached XP level 10. HP: 63/63 MP: 11/16
 13354 | D:8      | Found an ancient bone altar of Kikubaaqudgha.
 13356 | D:8      | Found a hide-covered altar of Uskayaw.
 13359 | D:8      | Found a basalt altar of Yredelemnul.
 13415 | Bailey   | Entered a bailey
 13584 | Bailey   | Reached skill level 5 in Poison Magic
 13588 | Bailey   | Reached skill level 13 in Polearms
 13611 | Bailey   | Identified the +0 swamp dragon scales of Evolution {rPois
                  | rN+ Will+}
 14028 | Bailey   | Reached skill level 14 in Polearms
 14041 | Bailey   | Reached *** piety under Sif Muna
 14042 | Bailey   | Reached skill level 1 in Armour
 14112 | Bailey   | Noticed a two-headed ogre
 14129 | Bailey   | Killed a two-headed ogre
 14180 | Bailey   | Identified the +4 longbow of Naluacur {freeze, rPois rF-
                  | rN++ Dex+3}
 14778 | D:8      | Found a staircase to the Lair.
 15077 | D:9      | Reached XP level 11. HP: 68/68 MP: 10/17
 15525 | D:9      | Noticed a two-headed ogre
 15530 | D:9      | Noticed a two-headed ogre
 15547 | D:9      | Killed a two-headed ogre
 15548 | D:9      | Reached skill level 5 in Armour
 15736 | D:9      | Reached skill level 1 in Hexes
 15745 | D:9      | Reached **** piety under Sif Muna
 16012 | D:9      | Killed a two-headed ogre
 16131 | D:9      | Noticed a two-headed ogre
 16145 | D:9      | Killed a two-headed ogre
 16225 | D:9      | Found a stormy altar of Qazlal.
 16576 | D:10     | Entered Level 10 of the Dungeon
 16852 | D:10     | Reached skill level 5 in Spellcasting
 17052 | D:9      | Learned a level 4 spell: Summon Ice Beast
 17206 | D:10     | Reached skill level 1 in Ice Magic
 17443 | D:10     | Noticed Psyche
 17468 | D:10     | Killed Psyche
 17641 | D:10     | Found Zuxo's Magic Scroll Boutique.
 17646 | D:10     | Bought a scroll of identify for 28 gold pieces
 17646 | D:10     | Bought a scroll of identify for 28 gold pieces
 17646 | D:10     | Bought a scroll of identify for 28 gold pieces
 18323 | D:11     | Reached skill level 5 in Ice Magic
 18323 | D:11     | Reached XP level 12. HP: 67/74 MP: 5/21
 18888 | D:11     | Slain by a skeletal warrior

Illustrated notes

Levels and vault maps discovered:
D:1:      minmay_arrival_four_loops, layout_loops_ring, chequers_arboretum,
          minivault_25, serial_bayou_ford_a
D:2:      layout_loops_corners, serial_shops, nicolae_shop_hallway_plus
D:3:      layout_loops_corners, uniq_ijyb
D:4:      layout_basic, ashenzari_conservatory_becter
D:5:      layout_basic, mainiacjoe_overflow_24_doors, old_standard_altar,
          dk_noncrumbling_2
D:6:      layout_loops_ring, nicolae_hepliaklqana_hazy_memory,
          minmay_temple_entry_glass, corexii_checkpoint_a, uniq_sigmund,
          uniq_grinder
D:7:      layout_cave_pools, enter_ossuary_2, kb_lookout_dungeons_type
D:8:      layout_rooms, grunt_temple_overflow_diamond,
          grunt_lair_entry_orc_guard_hut, enter_bailey_8, minmay_curled_crystal,
          supply_closet_lemuel
D:9:      layout_rooms, mainiacjoe_overflow_catwalk, grunt_decor_resistance
D:10:     layout_small_grid, serial_shops, nicolae_shop_just_a_little_nook,
          uniq_psyche
D:11:     layout_irregular_city, serial_shops, kennysheep_little_box,
          gauntlet_entry_generic

Skill      XL: |  1  2  3  4  5  6  7  8  9 10 11 |
---------------+----------------------------------+-----
Spellcasting   | 3 4 6 |  6.0
Summonings     | 5 6 7 8 |  8.0
Polearms       | 3 5 6 9 12 14 | 14.0
Air Magic      | 2 3 4 |  4.0
Poison Magic   | 3 5 |  5.0
Conjurations   | 2 3 |  3.0
Armour         | 4 5 |  5.0
Hexes          | 4 |  4.0
Invocations    | 3 |  3.0
Ice Magic      | 5 |  5.7
Dodging        | |  2.6
Stealth        | |  2.1

Action                     |  1- 3 |  4- 6 |  7- 9 | 10-12 || total
---------------------------+-------+-------+-------+-------++-------
  Melee: Unarmed           |    12 |       |       |       ||    12
         Dagger            |    53 |    38 |       |       ||    91
         Tailslap          |     2 |       |       |     1 ||     3
         Punch             |     1 |       |     5 |     3 ||     9
         Trident           |       |    59 |   265 |   226 ||   550
   Cast: Summon Small Mamm |    15 |     2 |     5 |     4 ||    26
         Call Imp          |     6 |     4 |     4 |    12 ||    26
         Call Canine Famil |     3 |    18 |    21 |    37 ||    79
         Summon Lightning  |       |       |    15 |    39 ||    54
         Mephitic Cloud    |       |       |     1 |     2 ||     3
         Summon Ice Beast  |       |       |       |     6 ||     6
         Summon Guardian G |       |       |       |     5 ||     5
  Evoke: Wand              |       |       |       |     4 ||     4
    Use: Scroll            |       |    12 |     7 |    10 ||    29
         Potion            |       |     1 |     1 |     3 ||     5
   Stab: Sleeping          |     2 |     2 |     6 |     1 ||    11
         Distracted        |       |       |    10 |     4 ||    14
         Confused          |       |       |     4 |       ||     4
         Paralysed         |       |       |       |     4 ||     4
 Armour: Robe              |    13 |    19 |    37 |       ||    69
         Leather armour    |       |       |     3 |    38 ||    41
         Skin              |       |       |       |    13 ||    13
  Dodge: Dodged            |    48 |    61 |   107 |    89 ||   305
